 Dungeon Crawl Stone Soup version 0.30-a0-715-gdb4ae3ece1 (webtiles) character file.

Game seed: 7763721852395180192

114 freelancePsychic the Trooper (level 5, 0/41 HPs)
             Began as a Djinni Fighter on Jan 23, 2023.
             Splashed by a jelly's acid (9 damage)
             ... on level 3 of the Dungeon.
             The game lasted 00:03:24 (1559 turns).

freelancePsychic the Trooper (Djinni Fighter)       Turns: 1559, Time: 00:03:24

Health: 0/41       AC: -2    Str: 15    XL:     5   Next: 18%
Gold:   65         EV:  9    Int: 11    God:
                   SH:  4    Dex: 13

rFire   + + .      SeeInvis .    e - +1 dagger (vamp)
rCold   x . .      Faith    .    c - +0 buckler
rNeg    . . .      Spirit   .    h - +0 ring mail
rPois   ∞          Reflect  .    (no helmet)
rElec   .          Harm     .    (no cloak)
rCorr   .          Rampage  .    (no gloves)
Will    .....                    (boots unavailable)
Stlth   +                        (no amulet)
HPRegen 0.26/turn                (no ring)
MPRegen 0.00/turn                (no ring)

@: corroded, flying, very slightly contaminated
A: sickness immunity, fire resistance 2, cold vulnerability 1, float, innate
caster, HP casting, extra vitality 1
a: no special abilities


You were on level 3 of the Dungeon.
You visited 1 branch of the dungeon, and saw 3 of its levels.

You collected 65 gold pieces.

Inventory:

Hand Weapons
 a - a +0 rapier
 e - a +1 vampiric dagger (weapon)
Armour
 b - a +0 scale mail
 c - a +0 buckler (worn)
 h - a +0 ring mail (worn)
Scrolls
 i - a scroll of immolation {unknown}
 j - 2 scrolls of identify {unknown}
 k - a scroll of silence {unknown}
 l - 3 scrolls of teleportation {unknown}
 m - a scroll of blinking {unknown}
Potions
 d - 3 potions of attraction {unknown}
 f - a potion of magic {unknown}
 g - a potion of curing {unknown}


   Skills:
 + Level 3.9 Fighting
 - Level 1.7 Short Blades
 - Level 3.0 Armour
 - Level 3.0 Shields
 * Level 2.6 Spellcasting


You had 6 spell levels left.
You knew the following spells:

 Your Spells              Type           Power      Damage    Failure   Level
a - Beastly Appendage     Tmut           14%        N/A       24%         1
b - Blink                 Tloc           14%        N/A       34%         2
Your spell library was empty.

Dungeon Overview and Level Annotations

Branches:
Dungeon (3/15)

Altars:

Shops:
D:2 (


Innate Abilities, Weirdness & Mutations

You are immune to sickness and miasma.
You are immune to poison.
Your flesh is very heat resistant. (rF++)
You are vulnerable to cold. (rC-)
You float through the air rather than walking.
You learn spells naturally, not from books.
Your magical power is your life essence.
You have superior vitality. (+4 MHP)


Message History

The jelly completely misses you.
You hit the jelly. The acid corrodes you!
Your hands burn!
The jelly is heavily wounded.
The jelly closely misses you.
You completely miss the jelly.
The jelly is heavily wounded.
The jelly barely misses you.
You hit the jelly but do no damage.
Your hands burn!
The jelly is heavily wounded.
The jelly hits you. The acid corrodes you!
You are splashed with acid!
You are too injured to fight recklessly!
You are too injured to fight recklessly!
You are too injured to fight recklessly!
You are too injured to fight recklessly!
You are too injured to fight recklessly!
You are too injured to fight recklessly!
You are too injured to fight recklessly!
You are too injured to fight recklessly!
You are too injured to fight recklessly!
You are too injured to fight recklessly!
You are too injured to fight recklessly!
You are too injured to fight recklessly!
You are too injured to fight recklessly!
You are too injured to fight recklessly!
Casting: Beastly Appendage (safe; 24% risk of failure)
Confirm with . or Enter, or press ? or * to list all spells.
You miscast Beastly Appendage.
You are very lightly contaminated with residual magic.
Nothing appears to happen.
The jelly barely misses you.
You hit the jelly but do no damage.
Your hands burn!
The jelly is heavily wounded.
The jelly hits you.
You are splashed with acid!
* * * LOW HITPOINT WARNING * * *
You hit the jelly but do no damage.
Your hands burn!
* * * LOW HITPOINT WARNING * * *
The jelly is heavily wounded.
The jelly hits you.
* * * LOW HITPOINT WARNING * * *
You are splashed with acid!
You die...

... #. ... #. #..
#. #.# #. ..# #.
#.# ####.##J# #
#.....#@##.#
#.##......#
#####.###.#..##
..##.###.#.## #.
#.##†.....## #.
###.##.....#.#
##.##......#.##...#
#<......##...#
....#
#.......######
..[#.#


You could see a jelly.

Vanquished Creatures
  A gnoll (D:1)
  5 adders (D:2)
  2 worms
  3 dart slugs
  2 ball pythons
  2 bats
  4 endoplasms
  4 goblins
  7 hobgoblins
  2 quokkas
  4 frilled lizards (D:1)
  10 kobolds
  3 rats
49 creatures vanquished.

Notes
Turn   | Place    | Note
-------+----------+-------------------------------------------
     0 | D:1      | freelancePsychic the Djinni Fighter began the quest for the
                  | Orb.
     0 | D:1      | Reached XP level 1. HP: 20/20 MP: 0/0
    60 | D:1      | Reached XP level 2. HP: 9/25 MP: 0/0
   149 | D:1      | Reached skill level 1 in Spellcasting
   317 | D:1      | Reached XP level 3. HP: 16/30 MP: 0/0
   317 | D:1      | Learned a level 1 spell: Beastly Appendage
   772 | D:2      | Reached XP level 4. HP: 35/36 MP: 0/0
  1099 | D:2      | Found a faded altar of an unknown god.
  1179 | D:2      | Found Qifaph's Weapon Shop.
  1353 | D:2      | Reached XP level 5. HP: 41/41 MP: 0/0
  1353 | D:2      | Learned a level 2 spell: Blink
  1491 | D:3      | Identified the +0 dagger "Kutwapha" {heavy, *Noise rN+
                  | Str+8 Stlth+}
  1559 | D:3      | Splashed by a jelly's acid

Illustrated notes

Levels and vault maps discovered:
D:1:      psy_arrival_fountain, layout_rooms
D:2:      layout_loops_ring, shapermc_ecumenical_altar_starsandcircs,
          serial_shops, nicolae_shop_trees
D:3:      layout_loops_corners, minivault_27, hangedman_decor_growths

Skill      XL: |  1  2  3 |
---------------+----------+-----
Spellcasting   | 1 2 |  2.6
Fighting       | |  3.9
Short Blades   | |  1.7
Armour         | |  3.0
Shields        | |  3.0

Action                     |  1- 3 |  4- 6 || total
---------------------------+-------+-------++-------
  Melee: Rapier            |    34 |       ||    34
         Dagger            |    81 |    93 ||   174
         Headbutt          |       |     8 ||     8
   Cast: Beastly Appendage |     1 |     7 ||     8
    Use: Potion            |     1 |       ||     1
 Armour: Scale mail        |    49 |       ||    49
         Ring mail         |     3 |    30 ||    33
  Dodge: Dodged            |    67 |    33 ||   100
  Block: Buckler           |    20 |    15 ||    35

Table legend: (Time is in decaauts)
 A = Elapsed time spent in this place.
 B = Non-inter-level travel time spent in this place.
 C = Inter-level travel time spent in this place.
 D = Time resting spent in this place.
 E = Time spent auto-exploring this place.
 F = Levels seen in this place.
 G = Mean time per level.
                   A        B        C        D        E       F      G
               +--------+--------+--------+--------+--------+-----+--------+
         Total |   1554 |   1500 |     54 |      0 |   1014 |   3 |  518.0 |
       Dungeon |   1554 |   1500 |     54 |      0 |   1014 |   3 |  518.0 |
               +--------+--------+--------+--------+--------+-----+--------+

Top non-repeatable levels by time:
     D:1: 706 daAuts
     D:2: 695 daAuts
     D:3: 152 daAuts
